 Dungeon Crawl Stone Soup version 0.23.2-30-g0e89c35649 (webtiles) character file.

Game seed: 530630195264703315

56 doot the Caller (level 3, -5/19 HPs)
             Began as a Tengu Summoner on June 17, 2019.
             Killed by divine providence
             ... invoked by an orc priest
              (15 damage)
             ... on level 3 of the Dungeon.
             The game lasted 00:06:47 (3038 turns).

doot the Caller (Tengu Summoner)                    Turns: 3038, Time: 00:06:47

Health: -5/19      AC:  3    Str:  8    XL:     3   Next: 95%
Magic:  6/7        EV: 13    Int: 16    God:
Gold:   146        SH:  0    Dex: 14    Spells: 2/7 levels left

rFire    . . .     SeeInvis .   (no weapon)
rCold    . . .     Gourm    .   (no shield)
rNeg     . . .     Faith    .   a - +0 robe
rPois    .         Spirit   .   (helmet restricted)
rElec    .         Reflect  .   i - +0 cloak
rCorr    .         Harm     .   (no gloves)
MR       .....                  (boots unavailable)
Stlth    ++........             (no amulet)
HPRegen  0.06/turn              (no ring)
MPRegen  0.10/turn              (no ring)

@: no status effects
A: beak, talons 3
a: no special abilities


You were on level 3 of the Dungeon.
You were hungry.

You visited 1 branch of the dungeon, and saw 3 of its levels.

You collected 146 gold pieces.

Inventory:

Armour
 a - a +0 robe (worn)
 i - a +0 cloak (worn)
Scrolls
 e - a scroll of teleportation {unknown}
 f - 4 scrolls of identify {unknown}
 g - 3 scrolls of remove curse {unknown}
 j - a scroll of enchant weapon {unknown}
 k - a scroll of magic mapping {unknown}
Potions
 b - a potion of curing {unknown}
 d - a potion of haste {unknown}
 h - 3 potions of lignification {unknown}
Comestibles
 c - 6 rations
 l - 2 chunks of flesh


   Skills:
 + Level 0.1 Fighting
 + Level 2.4 Dodging
 + Level 2.1 Stealth
 + Level 2.5 Spellcasting
 + Level 5.9 Summonings


You had 2 spell levels left.
You knew the following spells:

 Your Spells              Type           Power        Failure   Level  Hunger
a - Summon Small Mammal   Summ           ###.         1%          1    #......
b - Call Imp              Summ           ###.....     2%          2    ##.....
c - Blink                 Tloc           N/A          30%         2    ##.....

Your spell library contained the following spells:

 Spells                   Type           Power        Failure   Level  Hunger
 Confusing Touch          Hex            #.....       21%         1    #......
 Magic Dart               Conj           #...         21%         1    #......
 Slow                     Hex            #.......     30%         2    ##.....
 Call Canine Familiar     Summ           ###.....     4%          3    ###....
 Summon Guardian Golem    Hex/Summ       ##......     17%         3    ###....
 Summon Ice Beast         Ice/Summ       ##......     50%         4    #####..
 Summon Lightning Spire   Summ/Air       ##......     50%         4    #####..
 Confuse                  Hex            #.......     52%         3    ###....
 Conjure Flame            Conj/Fire      #.......     52%         3    ###....
 Gell's Gravitas          Tloc           #.........   52%         3    ###....
 Mephitic Cloud           Conj/Pois/Air  #.......     52%         3    ###....
 Petrify                  Tmut/Erth      #.......     89%         4    #####..
 Metabolic Englaciation   Hex/Ice        #.........   99%         5    ######.
 Yara's Violent Unravell  Hex/Tmut       #.........   99%         5    ######.


Dungeon Overview and Level Annotations

Branches:
Dungeon (3/15)

Altars:
Kikubaaqudgha


Innate Abilities, Weirdness & Mutations

You have a beak for a mouth.
You have claws for feet.


Message History

The orc hits you with a +0 club.
An orc priest comes into view. It is wielding a +0 whip.
Your crimson imp blinks!
You hit the orc but do no damage. You claw the orc. You peck the orc.
You kill the orc!
You now have 146 gold pieces (gained 12).
Things that are here:
a +0 club; an orc corpse Your crimson imp disappears in a puff of smoke!
What are your orders? t - Shout!
Orders for allies: a - Attack new target. r - Retreat! s - Stop attacking. g - Guard the area. f - Follow me.
Anything else - Cancel.
Guard this area!
The orc priest invokes the aid of Beogh against you.
Beogh smites you!
Ouch! That really hurt!
You die...

#.# #.. ###.## #.#
### #.>.# #.#
##..##♣ #.# #....♣
#.. #..##♣ #..##♣
#†...♣
##########..#.♣
#.....@5..).#.♣
#.######§##.#.♣ ♣
#..o....♣.♣
.......#.#.##.#
#.......#......#
...........###..##
###.......#.# ...#
#......##)###...#
....# #5o...#


You could see an orc priest and a friendly white imp.

Vanquished Creatures
  An adder (D:2)
  An ooze (D:3)
  2 orcs (D:3)
  A giant cockroach (D:2)
  A goblin (D:3)
  2 frilled lizards (D:2)
  3 rats (D:1)
11 creatures vanquished.

Vanquished Creatures (collateral kills)
  2 adders (D:2)
  An ooze (D:3)
  2 worms (D:2)
  A dart slug (D:3)
  A leopard gecko (D:1)
  3 orcs (D:3)
  A ball python (D:2)
  A bat (D:2)
  3 giant cockroaches
  2 goblins (D:1)
  2 hobgoblins (D:1)
  2 frilled lizards (D:1)
  5 kobolds
  A rat (D:1)
27 creatures vanquished.

Vanquished Creatures (others)
  A goblin (D:1)
1 creature vanquished.

Grand Total: 39 creatures vanquished

Notes
Turn   | Place    | Note
-------+----------+-------------------------------------------
     0 | D:1      | doot the Tengu Summoner began the quest for the Orb.
     0 | D:1      | Reached XP level 1. HP: 10/10 MP: 4/4
    36 | D:1      | Reached skill level 5 in Summonings
   418 | D:1      | Reached XP level 2. HP: 6/15 MP: 1/6
   426 | D:1      | Learned a level 2 spell: Call Imp
  1283 | D:3      | Learned a level 2 spell: Blink
  1794 | D:2      | Found an ancient bone altar of Kikubaaqudgha.
  1885 | D:2      | Reached XP level 3. HP: 19/19 MP: 0/7
  3038 | D:3      | Killed from afar by an orc priest

Skill      XL: |  1 |
---------------+----+-----
Summonings     | 5 |  5.9
Fighting       | |  0.1
Dodging        | |  2.4
Stealth        | |  2.1
Spellcasting   | |  2.5

Action                   || total
-------------------------++-------
Melee: Unarmed           ||    40
       Peck              ||    12
       Kick              ||     7
 Cast: Summon Small Mamm ||    21
       Call Imp          ||    34
 Stab: Sleeping          ||     2
  Eat: Chunk             ||     5
       Ration            ||     1
Armor: Robe              ||    11
Dodge: Dodged            ||    51
